 Dungeon Crawl Stone Soup version 0.17-a0-377-gdd46233 (console) character file.

3049 partyhat the Spear-Bearer (level 9, -7/73 HPs)
             Began as a Mummy Chaos Knight on Apr 2, 2015.
             Mangled by a centaur (9 damage)
             ... on level 6 of the Dungeon.
             The game lasted 00:19:02 (7762 turns).

partyhat the Spear-Bearer (Mummy Chaos Knight)      Turns: 7762, Time: 00:19:03

Health: -7/73      AC:  8    Str: 18      XL:     9   Next: 57%
Magic:  9/9        EV: 11    Int: 11      God:    Xom [*.....]
Gold:   438        SH:  0    Dex:  9 (11) Spells: 0 memorised, 8 levels left

rFire  x . .     SeeInvis .     a - +0 spear (chaos)
rCold  + . .     Clarity  .     b - +2 leather armour
rNeg   + + +     SustAb   .     (no shield)
rPois  ∞         Gourm    .     m - +0 helmet
rElec  .         Spirit   .     n - +0 cloak
rCorr  .         Warding  .     o - +0 pair of gloves
rMut   .         Stasis   .     (no boots)
MR     +....                    (no amulet)
Stlth  +.........               (no ring)
                                (no ring)

@: somewhat resistant to hostile enchantments, very unstealthy
A: no food or potions, fire vulnerability, cold resistance 1, negative energy
resistance 3, torment resistance, unbreathing
a: Renounce Religion


You were on level 6 of the Dungeon.
You worshipped Xom.
You were a special plaything of Xom.
You were not hungry.

You visited 1 branch of the dungeon, and saw 6 of its levels.

You collected 438 gold pieces.


Innate Abilities, Weirdness & Mutations

You do not eat or drink.
Your flesh is vulnerable to fire.
You are immune to poison.
Your flesh is cold resistant.
You are immune to negative energy.
You are immune to unholy pain and torment.
You can survive without breathing.


   Skills:
 + Level 7.7 Fighting
 - Level 12.0 Polearms
 - Level 1.5 Armour
 - Level 0.7 Dodging


You had 8 spell levels left.
You didn't know any spells.

Inventory:

Hand weapons
 a - a +0 spear of chaos (weapon)
 i - a +0 flail of chaos
 r - a +2 whip of venom
 u - a +0 spear
Missiles
 c - 32 stones (quivered)
 e - a throwing net
 f - 34 poisoned needles
Armour
 b - a +2 leather armour (worn)
 h - a +0 large shield
 m - a +0 helmet (worn)
 n - a +0 cloak (worn)
 o - a +0 pair of gloves (worn)
Rods
 s - a -1 rod of the swarm (12/12) {!a}
   (You found it on level 5 of the Dungeon)
Magical devices
 k - a wand of slowing (39)
 l - a wand of confusion (20)
 t - a wand of slowing (18)
 w - a wand of draining (8)
Scrolls
 d - a scroll of enchant weapon
 g - 5 scrolls of remove curse
 p - 2 scrolls of magic mapping
 q - a scroll of fear
 v - a scroll of teleportation
Miscellaneous
 j - a stone of tremors


Message History

You hit the centaur.
The centaur flickers and vanishes!
Deactivating autopickup; reactivate with Ctrl-A.
No target in view!
No target in view!
You closely miss something. Something hits you but does no damage.
You hit something but do no damage. Something hits you but does no damage.
You hit something. Something hits you!
You hit something but do no damage. Something hits you but does no damage.
You hit something. Something hits you but does no damage.
You hit something but do no damage. Something hits you.
You miss something. Something completely misses you. Something hits you.
You barely miss something. Something hits you.
You barely miss something. Something hits you!
* * * LOW HITPOINT WARNING * * *
You miss something. Something barely misses you.
You completely miss something. Something hits you!
* * * LOW HITPOINT WARNING * * *
Xom thinks this is hilarious!
You hit something. You burn something. Something hits you!
You die...

#############
#...........#
#.#########.# #######.#
#.# #.......# #.#
#.####### #.#
######.###############.#
....................%>.#
######.######.#.@......#
#.....# #{####...#
#.....# #(# ?...#
####.....####+#(# #....#
.......#.......).......#
######...........##c...#
#.............##....# ##
#......###+#####..... .#
#......###.## ...


There were no monsters in sight!

Vanquished Creatures
  The ghost of WildSam the Slasher, an experienced DsWn of Okawaru (D:4)
  A fire bat (D:3)
  Eustachio (D:5)
  3 phantoms
  A centaur (D:6)
  2 ogres (D:4)
  A water moccasin skeleton (D:4)
  A crimson imp (D:6)
  2 hounds
  2 quasits
  Crazy Yiuf (D:4)
  An orc priest (D:3)
  A centaur skeleton (D:5)
  Natasha (thrice) (D:2)
  3 orc wizards
  5 worker ants
  3 iguanas
  A hound skeleton (D:6)
  Robin (D:3)
  8 adders
  8 gnolls
  A river rat (D:5)
  2 shadow imps
  6 worms
  An ufetubus (D:5)
  12 giant geckos
  23 orcs
  A bat skeleton (D:5)
  A bat zombie (D:6)
  7 giant cockroaches
  18 hobgoblins
  3 jackals (D:3)
  18 kobolds
  4 quokkas
  19 bats
  A giant gecko skeleton (D:4)
  5 giant newts
  A giant spore (D:6)
  16 goblins
  A quokka skeleton (D:5)
  15 rats
  A ballistomycete (D:6)
206 creatures vanquished.

Vanquished Creatures (collateral kills)
  An orc wizard (D:3)
  A giant mite (D:3)
  2 orcs (D:3)
  A jackal (D:3)
5 creatures vanquished.

Vanquished Creatures (others)
  An adder (D:3)
  An orc zombie (D:5)
  A rat zombie (D:4)
  3 butterflies (D:3)
6 creatures vanquished.

Grand Total: 217 creatures vanquished

Notes
Turn   | Place    | Note
--------------------------------------------------------------
     0 | D:1      | partyhat, the Mummy Chaos Knight, began the quest for the Orb.
     0 | D:1      | Reached XP level 1. HP: 18/18 MP: 1/1
   186 | D:1      | Reached XP level 2. HP: 24/24 MP: 2/2
   458 | D:1      | XOM: silly message
   538 | D:1      | XOM: divination: detect creatures
   643 | D:1      | XOM: god gift: glowing flail {god gift}
   738 | D:2      | XOM: god gift: stone of tremors
   742 | D:2      | huh
   788 | D:2      | Reached XP level 3. HP: 26/29 MP: 3/3
   896 | D:2      | Noticed Natasha
   909 | D:2      | Killed Natasha
   909 | D:2      | Reached skill level 4 in Polearms
   909 | D:2      | Reached XP level 4. HP: 35/35 MP: 4/4
  1009 | D:2      | Noticed Natasha
  1014 | D:2      | Killed Natasha
  1108 | D:2      | XOM: fog
  1167 | D:2      | Noticed Natasha
  1169 | D:2      | Killed Natasha
  1213 | D:2      | XOM: swap monsters
  1291 | D:3      | Noticed Robin
  1292 | D:3      | wow
  1472 | D:2      | Reached XP level 5. HP: 35/41 MP: 5/5
  1642 | D:1      | XOM: noise
  1665 | D:1      | XOM: vitrification
  1797 | D:3      | Killed Robin
  1905 | D:3      | Reached skill level 5 in Polearms
  2062 | D:3      | Found a shadowy altar of Dithmenos.
  2075 | D:3      | Found a snail-covered altar of Cheibriados.
  2075 | D:3      | Found a blossoming altar of Fedhas.
  2078 | D:3      | Found a white marble altar of Elyvilon.
  2080 | D:3      | Found an opulent altar of Gozag.
  2198 | D:3      | Noticed a fire bat
  2198 | D:3      | a worm changed into a fire bat
  2198 | D:3      | XOM: polymorph worm -> fire bat
  2199 | D:3      | wow what!
  2206 | D:3      | HP: 5/41 [fire bat (13)]
  2206 | D:3      | XOM: butterfly on damage
  2210 | D:3      | XOM: 3-stop teleportation journey
  2269 | D:3      | XOM: harmless Trmt miscast
  2719 | D:4      | Noticed Crazy Yiuf
  2733 | D:4      | Killed Crazy Yiuf
  2733 | D:4      | Reached XP level 6. HP: 47/47 MP: 6/6
  2814 | D:4      | Noticed a phantom
  2815 | D:4      | Noticed an ogre
  2822 | D:4      | Found a bloodstained altar of Trog.
  2832 | D:4      | XOM: potion effect (haste)
  2845 | D:4      | Killed an ogre
  2845 | D:4      | Reached skill level 6 in Polearms
  2861 | D:4      | XOM: potion effect (brilliance)
  2865 | D:4      | XOM: harmless Conj miscast
  3026 | D:4      | Killed a phantom
  3054 | D:4      | XOM: silly message
  3160 | D:4      | XOM: harmless Tloc miscast
  3232 | D:4      | Reached XP level 7. HP: 52/52 MP: 7/7
  3274 | D:4      | Noticed WildSam's ghost (experienced DsWn)
  3315 | D:4      | XOM: potion effect (heal wounds)
  3393 | D:3      | XOM: divination: detect items
  3554 | D:4      | XOM: potion effect (heal wounds)
  3560 | D:4      | XOM: potion effect (brilliance)
  3561 | D:4      | XOM: harmless Erth miscast
  3755 | D:3      | XOM: harmless Hex miscast
  4012 | D:3      | XOM: butterfly on damage
  4014 | D:3      | Killed a fire bat
  4014 | D:3      | Reached skill level 7 in Polearms
  4451 | D:4      | XOM: smoke on damage
  4579 | D:3      | XOM: scenery: create altars
  4726 | D:4      | Noticed an ogre
  4742 | D:4      | Killed an ogre
  4754 | D:4      | HP: 4/52 [gnoll/spear (11)]
  4756 | D:4      | Reached skill level 8 in Polearms
  5214 | D:4      | XOM: potion effect (experience)
  5214 | D:4      | Reached skill level 11 in Polearms
  5214 | D:4      | Reached XP level 8. HP: 58/67 MP: 8/8
  5231 | D:4      | Killed WildSam's ghost
  5231 | D:4      | Reached XP level 9. HP: 36/72 MP: 9/9
  5395 | D:4      | wow nice xp pot xom
  5548 | D:4      | XOM: harmless Trmt miscast
  5575 | D:4      | XOM: silly message
  5739 | D:5      | Entered Level 5 of the Dungeon
  5809 | D:5      | XOM: harmless Summ miscast
  6030 | D:5      | XOM: silly message
  6139 | D:5      | XOM: silly message
  6157 | D:5      | XOM: harmless Air miscast
  6585 | D:5      | XOM: confuse monster(s)
  6604 | D:5      | Noticed Eustachio
  6656 | D:5      | XOM: potion effect (haste)
  6693 | D:5      | Killed Eustachio
  6724 | D:5      | Found an iron altar of Okawaru.
  7163 | D:6      | XOM: noise
  7205 | D:6      | XOM: silly message
  7311 | D:6      | XOM: noise
  7368 | D:6      | XOM: confusion (+ monsters)
  7591 | D:6      | Found a shimmering altar of Xom.
  7707 | D:6      | Reached skill level 12 in Polearms
  7735 | D:6      | XOM: noise
  7759 | D:6      | HP: 14/73 [something (9)]
  7761 | D:6      | HP: 2/73 [something (12)]
  7762 | D:6      | Mangled by a centaur

Vault maps used:
D:1:      lightli_arrival_farm
D:2:      kennysheep_minor_cross, uniq_natasha
D:3:      minitemple, first_bread, minmay_misc_feat_doors, uniq_robin
D:4:      old_standard_altar, hangedman_decor_lopped, uniq_crazy_yiuf_cottage
D:5:      okawaru_ov_weapons_minmay, uniq_eustachio
D:6:      xom_teletrap_fun, st_stairs_9

Action                   |  1- 3 |  4- 6 |  7- 9 || total
-------------------------+-------+-------+-------++-------
Melee: Spear             |   119 |   281 |   707 ||  1107
Throw: Stone             |       |     1 |     2 ||     3
Evoke: Wand              |       |     1 |       ||     1
       Stone of tremors  |       |     1 |       ||     1
  Use: Scroll            |       |     4 |     4 ||     8
 Stab: Petrifying        |     3 |       |     4 ||     7
       Sleeping          |     1 |       |       ||     1
       Confused          |       |     4 |     2 ||     6
       Paralysed         |       |     2 |     6 ||     8
       Petrified         |       |       |     1 ||     1
